 Dungeon Crawl Stone Soup version 0.28.0-47-ge53b351184 (webtiles) character file.

Game seed: 1323141922418269835

146 enile the Sneak (level 5, -3/35 HPs)
             Began as an Octopode Fire Elementalist on May 1, 2022.
             Was a Follower of Cheibriados.
             Slain by an iguana (11 damage)
             ... on level 3 of the Dungeon.
             The game lasted 00:05:06 (4224 turns).

enile the Sneak (Octopode Fire Elementalist)        Turns: 4224, Time: 00:05:07

Health: -3/35      AC:  1    Str: 10    XL:     5   Next: 28%
Magic:  9/9        EV: 14    Int: 22    God:    Cheibriados [*.....]
Gold:   235        SH:  0    Dex: 16    Spells: 4/10 levels left

rFire   . . .      SeeInvis .   n - +2 short sword (protect)
rCold   . . .      Faith    .   (no shield)
rNeg    . . .      Spirit   .   (helmet restricted)
rPois   .          Reflect  .   (no amulet)
rElec   .          Harm     .   (no ring)
rCorr   .          Rampage  .   (no ring)
Will    .....                   (no ring)
Stlth   ++++......              (no ring)
HPRegen 0.11/turn               (no ring)
MPRegen 0.11/turn               (no ring)
                                (no ring)
                                (no ring)

@: about to teleport, very slow
A: almost no armour, amphibious, 8 rings, camouflage 1, gelatinous body 1,
(nimble swimmer 1), tentacles
a: Renounce Religion, Bend Time


You were on level 3 of the Dungeon.
You worshipped Cheibriados.
Cheibriados was aware of your devotion.
You visited 1 branch of the dungeon, and saw 4 of its levels.

You collected 235 gold pieces.

Inventory:

Hand Weapons
 a - a +0 short sword
 n - a +2 short sword of protection (weapon)
 o - a +1 glaive of venom
Scrolls
 d - 2 scrolls of fog
 f - a scroll of identify {unknown}
 g - 3 scrolls of vulnerability
 k - 2 scrolls of teleportation
Potions
 c - a potion of lignification {unknown}
 e - a potion of mutation {unknown}
 h - a potion of ambrosia {unknown}
 i - a potion of curing {unknown}
 l - a potion of berserk rage {unknown}
 m - a potion of haste {unknown}


   Skills:
 + Level 2.6 Fighting
 - Level 3.0 Dodging
 - Level 4.0 Stealth
 - Level 3.0 Spellcasting
 - Level 1.0 Conjurations
 - Level 3.0 Fire Magic


You had 4 spell levels left.
You knew the following spells:

 Your Spells              Type           Power      Damage    Failure   Level
a - Foxfire               Conj/Fire      48%        2x1d6     5%          1
b - Scorch                Fire           32%        2d6       5%          2
c - Inner Flame           Hex/Fire       9%         N/A       21%         3

Your spell library contained the following spells:

 Spells                   Type           Power      Damage    Failure   Level
 Beastly Appendage        Tmut           6%         N/A       12%         1
 Conjure Flame            Conj/Fire      12%        6-21      16%         3
 Gell's Gravitas          Tloc           3%         N/A       36%         3
 Lesser Beckoning         Tloc           3%         N/A       36%         3
 Portal Projectile        Hex/Tloc       6%         N/A       36%         3
 Teleport Other           Tloc           3%         N/A       36%         3
 Flame Wave               Conj/Fire      12%        2d6       47%         4
 Cause Fear               Hex            1%         N/A       77%         4
 Ice Form                 Ice/Tmut       3%         N/A       77%         4
 Statue Form              Tmut/Erth      2%         N/A       100%        6
 Discord                  Hex            1%         N/A       100%        8


Dungeon Overview and Level Annotations

Branches:
Dungeon (4/15)
 Temple: D:4-7

Altars:
Cheibriados
Ru

Annotations:
D:3 1 runed translucent door, Crazy Yiuf


Innate Abilities, Weirdness & Mutations

You cannot wear most types of armour.
You are amphibious.
You can wear up to eight rings at the same time.
Your skin changes colour to match your surroundings (Stealth+).
Your rubbery body absorbs attacks. (AC +1, EV +1)
((You are camouflaged when in or above water. (Stealth+)))
You have tentacles for arms and can constrict up to eight enemies at once.


Message History

Found a runed cloak.
Found a stone staircase leading up.
Found a stone staircase leading up.
An iguana comes into view.
You see here a +1 cloak.
The iguana hisses angrily.
The iguana bites you! The iguana bites you!
As you read the scroll labelled UNYSIV ZYATS, it crumbles to dust.
It is a scroll of enchant armour.
You aren't carrying any armour which can be enchanted further.
The iguana barely misses you.
As you read the scroll labelled NUPPAW OCAYSH, it crumbles to dust.
You assume a fearsome visage.
The iguana looks frightened!
It was a scroll of fear.
There is a stone staircase leading up here.
You climb upwards.
Level annotation: 1 runed translucent door, Crazy Yiuf
There is a stone staircase leading down here.
You start resting.
HP restored.
You start waiting.
Done waiting.
You climb downwards.
The iguana bites you! The iguana closely misses you.
There is a stone staircase leading up, spattered with blood here.
An iguana is nearby!
The iguana misses you.
You climb upwards.
Level annotation: 1 runed translucent door, Crazy Yiuf
There is a stone staircase leading down here.
The iguana closely misses you.
Press: ? - help, v - describe, . - travel
Here: an iguana The floor.
As you read the scroll labelled FUNOIKHL AGHOP, it crumbles to dust.
You feel strangely unstable.
It was a scroll of teleportation.
The iguana bites you!
* * * LOW HITPOINT WARNING * * *
The iguana bites you!
You die...

#......#.....# #######
#............# #.....#
#..+#######'.# #.....#
#..#...#...#.#
####.....#########..#...#...#.#
...'.....+.(.>.....##.......###
####.....#######.######._.###
#.....# #l#..#.......###
####.....#######@#..#...#.†.#.#
...#................#.(.#...#.#
...#.............#..[#######'.#
...#####.........#.....# #....#
#'#### #.........+[..#.######.#
.....# #.........###.#........#
'''''#########'#####.#.########
'''''.# #.......#.# ''_''.#
##########.#


You could see an iguana.

Vanquished Creatures
  A hound (D:4)
  An orc wizard (D:3)
  2 adders
  2 dart slugs (D:2)
  8 orcs
  4 ball pythons
  3 bats
  4 endoplasms
  2 giant cockroaches (D:3)
  7 hobgoblins
  8 kobolds
  2 quokkas (D:3)
  2 frilled lizards
  9 goblins
  3 rats
58 creatures vanquished.

Vanquished Creatures (others)
  120 foxfires
120 creatures vanquished.

Grand Total: 178 creatures vanquished

Notes
Turn   | Place    | Note
-------+----------+-------------------------------------------
     0 | D:1      | enile the Octopode Fire Elementalist began the quest for
                  | the Orb.
     0 | D:1      | Reached XP level 1. HP: 11/11 MP: 3/3
   265 | D:1      | Reached skill level 1 in Fighting
   345 | D:1      | Reached XP level 2. HP: 18/18 MP: 1/5
   460 | D:1      | Got the Papyrus of Quantum Changing
   484 | D:1      | Learned a level 2 spell: Scorch
  1037 | D:2      | Reached XP level 3. HP: 23/23 MP: 2/6
  2450 | D:3      | Reached XP level 4. HP: 28/28 MP: 3/8
  2453 | D:3      | Reached skill level 3 in Stealth
  2561 | D:3      | Learned a level 3 spell: Inner Flame
  2980 | D:3      | Found a faded altar of an unknown god.
  2990 | D:3      | Prayed at the altar of an unknown god.
  2990 | D:3      | Became a worshipper of Cheibriados the Contemplative
  2990 | D:3      | Reached * piety under Cheibriados
  3092 | D:3      | Found a sacrificial altar of Ru.
  3096 | D:3      | Reached skill level 4 in Stealth
  3442 | D:3      | Reached XP level 5. HP: 34/34 MP: 6/9
  3599 | D:3      | Found a runed translucent door.
  3600 | D:3      | Noticed Crazy Yiuf
  4224 | D:3      | Slain by an iguana

Illustrated notes

Levels and vault maps discovered:
D:1:      moated_graveyard_arrival, layout_basic, nrook_uturn
D:2:      cheibrodos_greedy_goblins, layout_basic
D:3:      layout_basic, nicolae_ru_great_annihilating_truth,
          hellmonk_ecumenical_altar_heavens_door, moated_statue,
          uniq_crazy_yiuf_cottage
D:4:      layout_basic, nicolae_vehumet_altar_sigil,
          mainiacjoe_overflow_concentric_impassable,
          minmay_temple_entry_enclosed_plants, serial_shops,
          kennysheep_little_box, nicolae_shop_temple_entry_statues_fountains,
          shop_fountains, shop, nicolae_shop_overgrown_old_shop

Skill      XL: |  1  2  3  4 |
---------------+-------------+-----
Fighting       | 1 2 |  2.6
Dodging        | 3 |  3.0
Spellcasting   | 3 |  3.0
Stealth        | 4 |  4.0
Conjurations   | |  1.0
Fire Magic     | |  3.0

Action                   |  1- 3 |  4- 6 || total
-------------------------+-------+-------++-------
Melee: Short sword       |    19 |     4 ||    23
       Constrict         |     9 |     3 ||    12
       Tentacles         |     6 |     1 ||     7
       Punch             |     2 |       ||     2
       Glaive            |       |     4 ||     4
 Cast: Foxfire           |    48 |    25 ||    73
       Scorch            |     9 |     9 ||    18
       Inner Flame       |       |     1 ||     1
  Use: Scroll            |       |     5 ||     5
 Stab: Paralysed         |       |     1 ||     1
       Sleeping          |       |     1 ||     1
Armor: Skin              |     4 |       ||     4
Dodge: Dodged            |    15 |    11 ||    26
